 Dungeon Crawl Stone Soup version 0.27-a0-1438-g9b7c6745da (webtiles) character file.

Game seed: 3787292535812739941

3379 BlueGoblin the Prestidigitator (level 10, 0/111 HPs)
             Began as a Gnoll Artificer on July 4, 2021.
             Was an Initiate of Cheibriados.
             Slain by an orc warrior (3 damage)
             ... on level 8 of the Dungeon.
             The game lasted 00:37:11 (12443 turns).

BlueGoblin the Prestidigitator (Gnoll Artificer)   Turns: 12443, Time: 00:37:11

Health: 0/111      AC: 25    Str: 20    XL:     10   Next: 3%
Magic:  17/17      EV:  2    Int: 15    God:    Cheibriados [......]
Gold:   335        SH: 12    Dex: 17    Spells: 18/18 levels left

rFire    . . .     SeeInvis .   a - +1 morningstar (drain)
rCold    + . .     Faith    .   H - +2 kite shield
rNeg     + + +     Spirit   .   (armour currently unavailable)
rPois    +         Reflect  .   (helmet currently unavailable)
rElec    .         Harm     .   (cloak currently unavailable)
rCorr    +         Rampage  .   (gloves currently unavailable)
Will     .....     NoTele   +   (boots currently unavailable)
Stlth    +++.......             (no amulet)
HPRegen  0.28/turn              g - ring of Celyzaex {rC+ Int+3 Slay+3}
MPRegen  0.15/turn              t - ring "Kuhus" {rCorr Str+4 Dex+4}

@: brilliant, tree-form, very slow
A: stationary, stasis, torment immunity, boosted hp, (fangs 1), strong nose,
distributed training
a: Renounce Religion, Bend Time


You were on level 8 of the Dungeon.
You worshipped Cheibriados.
Cheibriados was noncommittal.
You were a tree.
You visited 2 branches of the dungeon, and saw 9 of its levels.

You collected 531 gold pieces.
You spent 196 gold pieces at shops.

Inventory:

Hand Weapons
 a - a +1 morningstar of draining (weapon)
 b - a +0 hunting sling
 p - a +4 spear
 M - a +0 shortbow
Missiles
 e - 24 poisoned darts
 h - 175 stones (quivered)
 l - 69 bolts
 n - 3 boomerangs
 v - 82 arrows
 x - 7 sling bullets
Armour
 i - a +0 helmet (melded)
 j - a +0 plate armour (melded)
 k - a +0 cloak (melded)
 F - a +0 pair of gloves (melded)
 H - a +2 kite shield (worn)
Jewellery
 g - the ring of Celyzaex (left branch) {rC+ Int+3 Slay+3}
   (You found it on level 7 of the Dungeon)

   [ring of protection from cold]

   Int:       It affects your intelligence (+3).
   Slay:      It affects your accuracy & damage with ranged weapons and melee
   (+3).
   rC:        It protects you from cold.
 m - a +6 ring of strength
 t - the ring "Kuhus" (right branch) {rCorr Str+4 Dex+4}
   (You found it on level 4 of the Dungeon)

   [ring of resist corrosion]

   Str:       It affects your strength (+4).
   Dex:       It affects your dexterity (+4).
   rCorr:     It protects you from acid and corrosion.
 u - a ring of protection from cold
 z - a ring of see invisible
 D - a ring of willpower
 G - a +4 ring of evasion
 J - a ring of fire
 L - a +4 ring of evasion
Wands
 c - a wand of flame (5)
 d - a wand of charming (12)
 B - a wand of iceblast (4)
 I - a wand of paralysis (4)
Scrolls
 y - 2 scrolls of teleportation
 K - 2 scrolls of fog
Potions
 f - 2 potions of attraction
 o - a potion of heal wounds {unknown}
 r - a potion of mutation {unknown}
 w - 2 potions of flight


   Skills:
 + Level 5.5 Fighting
 + Level 4.8 Short Blades
 + Level 4.8 Long Blades
 + Level 4.8 Axes
 + Level 4.8 Maces & Flails
 + Level 4.8 Polearms
 + Level 4.8 Staves
 + Level 4.8 Slings
 + Level 4.8 Bows
 + Level 4.8 Crossbows
 + Level 4.8 Throwing
 + Level 6.7 Armour
 + Level 5.5 Dodging
 + Level 5.4 Stealth
 + Level 4.8 Shields
 + Level 4.8 Unarmed Combat
 + Level 4.8 Spellcasting
 + Level 4.0 Conjurations
 + Level 4.0 Hexes
 + Level 4.0 Summonings
 + Level 4.0 Necromancy
 + Level 4.0 Translocations
 + Level 4.0 Transmutations
 + Level 4.0 Fire Magic
 + Level 4.0 Ice Magic
 + Level 4.0 Air Magic
 + Level 4.0 Earth Magic
 + Level 4.0 Poison Magic
 + Level 5.3 Invocations
 + Level 8.2 Evocations


You had 18 spell levels left.
You didn't know any spells.
Your spell library contained the following spells:

 Spells                   Type           Power      Damage    Failure   Level
 Beastly Appendage        Tmut           46%        N/A       12%         1
 Foxfire                  Conj/Fire      92%        2x1d8     12%         1
 Poisonous Vapours        Pois/Air       46%        N/A       19%         2
 Wereblood                Tmut           23%        N/A       19%         2
 Conjure Flame            Conj/Fire      23%        6-21      34%         3
 Gell's Gravitas          Tloc           11%        N/A       34%         3
 Inner Flame              Hex/Fire       23%        N/A       34%         3
 Lesser Beckoning         Tloc           11%        N/A       34%         3
 Mephitic Cloud           Conj/Pois/Air  23%        N/A       34%         3
 Spider Form              Tmut/Pois      11%        N/A       34%         3
 Teleport Other           Tloc           23%        N/A       34%         3
 Freezing Cloud           Conj/Ice/Air   11%        6-21      97%         5


Dungeon Overview and Level Annotations

Branches:
Dungeon (8/15)             Temple (1/1) D:7
   Lair: D:8-11

Altars:
Ashenzari
Cheibriados
Dithmenos
Elyvilon
Fedhas
Gozag
Hepliaklqana
Kikubaaqudgha
Makhleb
Nemelex Xobeh
Okawaru
Qazlal
Ru
Sif Muna
Trog
Uskayaw
Vehumet
Wu Jian
Xom
Yredelemnul
Zin
The Shining One

Shops:
D:5 *


Innate Abilities, Weirdness & Mutations

You are a tree.
Your roots penetrate the ground, keeping you stationary.
You cannot be teleported.
You are immune to unholy pain and torment.
Your maximum health is greatly increased.
Your equipment is partially melded.
((You have very sharp teeth.))
Your uncanny sense of smell can sniff out nearby items.
Your experience applies equally to all skills.


Message History

The bolt of electricity hits you but does no damage. 2 orcs come into view.
The orc shouts!
The kobold throws a stone.
The stone barely misses you.
Found a stormy altar of Qazlal.
You hit the orc. You drain the orc.
You kill the orc!
Cheibriados appreciates the change of pace.
An orc warrior comes into view. It is wielding a +0 hand axe.
The electric eel shoots out a bolt of lightning at you!
The bolt of electricity hits the kobold!
The kobold dies!
The bolt of electricity hits you!
* * * LOW HITPOINT WARNING * * *
You hear a howl!
The orc warrior shouts!
You close the door, pushing everything out of the way.
You start resting.
You close the door.
An orc opens the door.
You close the door.
An orc opens the door.
Okay, then.
Really quaff the potion of lignification?
You turn into a tree.
Your +0 cloak melds into your body.
Your +0 helmet melds into your body.
Your +0 pair of gloves melds into your body.
Your +0 plate armour melds into your body.
Your roots penetrate the ground.
The orc warrior hits you with a +0 hand axe!
* * * LOW HITPOINT WARNING * * *
It was a potion of brilliance.
You feel clever all of a sudden. You block the orc warrior's attack.
Unknown command.
Okay, then.
You closely miss the orc warrior. You block the orc warrior's attack.
The orc warrior hits you with a +0 hand axe.
* * * LOW HITPOINT WARNING * * *
It was a potion of magic.
Magic courses through your body.
The orc warrior hits you with a +0 hand axe.
You die...

#################################
.................................
#################################
# ##### # #o....###########
oo....o#.#.#.#oo♣.......
######.'.._..'o######### #
#.#.#)#.# # ####.... #.# #
#<##### ##.# #.# #..#
∆..#.#####)## .....K.....#
............#


You could see an orc warrior and 2 orcs.

Vanquished Creatures
  Pikel (D:7)
  A meliai zombie (D:8)
  A wyvern (D:7)
  2 water moccasins
  2 sky beasts
  An ice beast (D:7)
  An ogre (D:5)
  A centaur (D:7)
  A lemure (D:7)
  3 phantoms
  A kobold brigand (D:8)
  A bullfrog (D:8)
  A gnoll sergeant (D:7)
  3 scorpions
  A jelly (D:7)
  A wyvern skeleton (D:7)
  A water moccasin skeleton (D:4)
  5 killer bees (D:7)
  5 wights (D:7)
  3 hounds
  A bullfrog skeleton (D:7)
  2 orc priests (D:6)
  A centaur skeleton (D:7)
  A gnoll shaman (D:6)
  5 iguanas
  3 orc wizards
  A killer bee zombie (D:7)
  A hound skeleton (D:5)
  Robin (D:2)
  10 gnolls
  7 adders
  A shadow imp (D:5)
  4 white imps
  2 adder skeletons
  A dart slug (D:2)
  20 orcs
  2 endoplasms
  A giant cockroach (D:4)
  10 goblins
  5 hobgoblins
  10 jackals
  3 quokkas
  6 ball pythons
  8 bats
  6 frilled lizards
  11 kobolds
  6 rats
165 creatures vanquished.

Vanquished Creatures (others)
  A jelly (D:6)
  A kobold (D:8)
  15 plants (D:1)
17 creatures vanquished.

Grand Total: 182 creatures vanquished

Notes
Turn   | Place    | Note
-------+----------+-------------------------------------------
     0 | D:1      | BlueGoblin the Gnoll Artificer began the quest for the Orb.
     0 | D:1      | Reached XP level 1. HP: 17/17 MP: 1/1
   134 | D:1      | Found a faded altar of an unknown god.
   207 | D:1      | Reached XP level 2. HP: 11/23 MP: 2/2
  1436 | D:1      | Reached XP level 3. HP: 27/28 MP: 3/3
  2409 | D:2      | Reached skill level 1 in Invocations
  2594 | D:2      | Noticed Robin
  2606 | D:2      | Reached skill level 1 in Short Blades
  2606 | D:2      | Reached skill level 1 in Long Blades
  2606 | D:2      | Reached skill level 1 in Axes
  2606 | D:2      | Reached skill level 1 in Maces & Flails
  2606 | D:2      | Reached skill level 1 in Polearms
  2606 | D:2      | Reached skill level 1 in Staves
  2606 | D:2      | Reached skill level 1 in Slings
  2606 | D:2      | Reached skill level 1 in Bows
  2606 | D:2      | Reached skill level 1 in Crossbows
  2606 | D:2      | Reached skill level 1 in Throwing
  2606 | D:2      | Reached skill level 1 in Shields
  2606 | D:2      | Reached skill level 1 in Unarmed Combat
  2606 | D:2      | Reached skill level 1 in Spellcasting
  2616 | D:2      | Killed Robin
  2617 | D:2      | Reached XP level 4. HP: 16/34 MP: 5/5
  3208 | D:3      | Found a sacrificial altar of Ru.
  3909 | D:3      | Reached skill level 1 in Conjurations
  3909 | D:3      | Reached skill level 1 in Hexes
  3909 | D:3      | Reached skill level 1 in Summonings
  3909 | D:3      | Reached skill level 1 in Necromancy
  3909 | D:3      | Reached skill level 1 in Translocations
  3909 | D:3      | Reached skill level 1 in Transmutations
  3909 | D:3      | Reached skill level 1 in Fire Magic
  3909 | D:3      | Reached skill level 1 in Ice Magic
  3909 | D:3      | Reached skill level 1 in Air Magic
  3909 | D:3      | Reached skill level 1 in Earth Magic
  3909 | D:3      | Reached skill level 1 in Poison Magic
  3918 | D:3      | Reached XP level 5. HP: 25/40 MP: 6/6
  5051 | D:4      | Found a radiant altar of Vehumet.
  5132 | D:4      | Noticed a water moccasin
  5149 | D:4      | Killed a water moccasin
  5150 | D:4      | Reached skill level 5 in Armour
  5150 | D:4      | Reached XP level 6. HP: 17/47 MP: 7/9
  5344 | D:4      | Identified the ring "Kuhus" {rCorr Str+4 Dex+4}
  6198 | D:5      | Entered Level 5 of the Dungeon
  6218 | D:5      | Reached XP level 7. HP: 50/52 MP: 10/10
  6236 | D:5      | Reached skill level 7 in Evocations
  6702 | D:5      | Found Rikipsimn's Elemental Accessories.
  6725 | D:5      | Bought a wand of iceblast (10) for 196 gold pieces
  6744 | D:5      | Found a shadowy altar of Dithmenos.
  6954 | D:5      | Reached XP level 8. HP: 60/60 MP: 12/12
  6970 | D:5      | Found a shimmering altar of Xom.
  7618 | D:6      | Found a sparkling altar of Nemelex Xobeh.
  8838 | D:7      | Reached XP level 9. HP: 66/66 MP: 14/14
  9131 | D:7      | Found a staircase to the Ecumenical Temple.
  9327 | D:7      | Found a bloodstained altar of Trog.
  9381 | D:7      | Noticed Pikel
  9395 | D:7      | Killed Pikel
  9396 | D:7      | Reached skill level 5 in Fighting
  9396 | D:7      | Reached skill level 5 in Dodging
  9647 | D:7      | Reached skill level 5 in Stealth
  9709 | D:7      | Reached skill level 8 in Evocations
 10115 | D:7      | Reached skill level 5 in Invocations
 10243 | D:7      | Found a burning altar of Makhleb.
 10283 | D:7      | HP: 3/68 [poisoned by a killer bee]
 10783 | D:7      | Identified the ring of Celyzaex {rC+ Int+3 Slay+3}
 11029 | Temple   | Entered the Ecumenical Temple
 11305 | Temple   | Became a worshipper of Cheibriados the Contemplative
 11442 | D:8      | Noticed a troll
 12419 | D:8      | Reached XP level 10. HP: 15/74 MP: 17/17
 12431 | D:8      | Found a stormy altar of Qazlal.
 12442 | D:8      | HP: 2/111 [orc warrior (6)]
 12443 | D:8      | Slain by an orc warrior

Illustrated notes

Levels and vault maps discovered:
D:1:      eino_arrival_water_cross, layout_basic,
          chequers_ecumenical_altar_island, kennysheep_doodads,
          lexackson_kobold_supper
D:2:      layout_loops_cross, uniq_robin
D:3:      layout_rooms, nicolae_ru_awakened_eye, kennysheep_minor_cross
D:4:      layout_basic, old_standard_altar
D:5:      layout_cave_pools, tgw_xom, grunt_dithmenos_shadows,
          chequers_serial_rivers_micro_d, nicolae_elemental_shop,
          grunt_decor_mini_mirrors
D:6:      layout_cave_pools, amcnicky_altar_gilded
D:7:      layout_loops_ring, trog_book, lightli_temple_of_fire,
          minmay_temple_entry_large_hall, grunt_ministairs_12,
          kennysheep_path_1, nicolae_benzene_ring, uniq_pikel,
          uniq_crazy_yiuf_cottage
D:8:      layout_basic, kennysheep_little_box, erik_lair_island,
          minmay_misc_feat_tiny
Temple:   minmay_temple_curvy_branch

Skill      XL: |  1  2  3  4  5  6  7  8  9 |
---------------+----------------------------+-----
Invocations    | 1 2 3 4 5 |  5.3
Short Blades   | 1 2 3 4 |  4.8
Long Blades    | 1 2 3 4 |  4.8
Axes           | 1 2 3 4 |  4.8
Maces & Flails | 1 2 3 4 |  4.8
Polearms       | 1 2 3 4 |  4.8
Staves         | 1 2 3 4 |  4.8
Slings         | 1 2 3 4 |  4.8
Bows           | 1 2 3 4 |  4.8
Crossbows      | 1 2 3 4 |  4.8
Throwing       | 1 2 3 4 |  4.8
Shields        | 1 2 3 4 |  4.8
Unarmed Combat | 1 2 3 4 |  4.8
Spellcasting   | 1 2 3 4 |  4.8
Conjurations   | 1 2 3 4 |  4.0
Hexes          | 1 2 3 4 |  4.0
Summonings     | 1 2 3 4 |  4.0
Necromancy     | 1 2 3 4 |  4.0
Translocations | 1 2 3 4 |  4.0
Transmutations | 1 2 3 4 |  4.0
Fire Magic     | 1 2 3 4 |  4.0
Ice Magic      | 1 2 3 4 |  4.0
Air Magic      | 1 2 3 4 |  4.0
Earth Magic    | 1 2 3 4 |  4.0
Poison Magic   | 1 2 3 4 |  4.0
Fighting       | 3 4 5 |  5.5
Dodging        | 3 4 5 |  5.5
Armour         | 5 6 |  6.7
Stealth        | 3 4 5 |  5.4
Evocations     | 7 8 |  8.2

Action                   |  1- 3 |  4- 6 |  7- 9 | 10-12 || total
-------------------------+-------+-------+-------+-------++-------
Melee: Club              |    42 |       |       |       ||    42
       Bite              |    19 |    13 |    31 |     1 ||    64
       Dagger            |   193 |    20 |       |       ||   213
       Morningstar       |       |    90 |   254 |     6 ||   350
       Spear             |       |       |     5 |       ||     5
 Fire: Hunting sling     |       |    79 |   142 |       ||   221
Throw: Stone             |    51 |       |       |       ||    51
Evoke: Wand              |     6 |     4 |    10 |       ||    20
       Piece from Xom's  |       |       |     1 |       ||     1
  Use: Scroll            |     2 |     4 |     6 |     1 ||    13
       Potion            |     1 |     1 |     5 |     4 ||    11
Armor: Leather armour    |    37 |       |       |       ||    37
       Plate armour      |   168 |   138 |   204 |     5 ||   515
       Skin              |       |       |    35 |       ||    35
Dodge: Dodged            |   110 |    49 |    83 |     2 ||   244
Block: Kite shield       |       |    37 |   243 |     7 ||   287

Table legend: (Time is in decaauts)
 A = Elapsed time spent in this place.
 B = Non-inter-level travel time spent in this place.
 C = Inter-level travel time spent in this place.
 D = Time resting spent in this place.
 E = Time spent auto-exploring this place.
 F = Levels seen in this place.
 G = Mean time per level.
                   A        B        C        D        E       F      G
               +--------+--------+--------+--------+--------+-----+--------+
         Total |  12757 |  11971 |    786 |   3943 |   5850 |   9 | 1417.4 |
       Dungeon |  12447 |  11710 |    737 |   3943 |   5603 |   8 | 1555.9 |
        Temple |    310 |    261 |     49 |      0 |    247 |   1 |  310.0 |
               +--------+--------+--------+--------+--------+-----+--------+

Top non-repeatable levels by time:
     D:7: 3382 daAuts
     D:1: 2197 daAuts
     D:4: 1468 daAuts
     D:2: 1468 daAuts
     D:6: 1262 daAuts
     D:3: 1126 daAuts
     D:5: 993 daAuts
     D:8: 546 daAuts
  Temple: 310 daAuts
